 Dungeon Crawl Stone Soup version 0.31-a0-1165-g196b491b36 (webtiles) character file.

Game seed: 15933587625866078751

1 DApurpleWHUMPUS the Firebug (level 1, 1/16 HPs)
             Began as an Ogre Fire Elementalist on Dec 9, 2023.
             Got out of the dungeon alive.
             The game lasted 00:00:25 (49 turns).

DApurpleWHUMPUS the Firebug (Ogre Fire Elementalist)  Turns: 49, Time: 00:00:25

Health: 1/16       AC:  3    Str: 11    XL:     1   Next: 20%
Magic:  1/4        EV:  9    Int: 16    God:
Gold:   0          SH:  0    Dex:  9    Spells: 4/5 levels left

rFire   . . .        (no weapon)
rCold   . . .        (no shield)
rNeg    . . .        a - +0 robe
rPois   .            (helmet restricted)
rElec   .            (no cloak)
rCorr   .            (gloves unavailable)
SInv    .            (boots unavailable)
Will    .....        (no amulet)
Stlth   +            (no ring)
HPRegen 0.22/turn    (no ring)
MPRegen 0.09/turn

%: no passive effects
@: no status effects
A: large, unfitting armour, tough skin 1
a: no special abilities


You escaped.
You visited 1 branch of the dungeon, and saw 1 of its levels.

Inventory:

Armour
 a - a +0 robe (worn)
Potions
 b - a potion of magic


   Skills:
 - Level 1.7 Dodging
 - Level 1.4 Stealth
 + Level 2.5 Spellcasting
 - Level 0.8 Conjurations
 - Level 2.6 Fire Magic


You had 4 spell levels left.
You knew the following spells:

 Your Spells              Type           Power      Damage    Failure   Level
a - Foxfire               Conj/Fire      28%        2x1d5     10%         1

Your spell library contained the following spells:

 Spells                   Type           Power      Damage    Failure   Level
 Scorch                   Fire           20%        2d5       10%         2
 Inner Flame              Hex/Fire       6%         N/A       34%         3
 Volatile Blastmotes      Fire/Tloc      12%        2d11      34%         3
 Flame Wave               Conj/Fire      7%         2d5       67%         4


Dungeon Overview and Level Annotations

Branches:
Dungeon (1/15)

Altars:


Innate Abilities, Weirdness & Mutations

You are too large for most types of armour.
You have tough skin. (AC +1)


Message History

You closely miss the jackal.
The jackal is heavily wounded.
The jackal closely misses you. The jackal barely misses you. x3
The jackal bites you. The jackal barely misses you.
You closely miss the jackal.
The jackal is heavily wounded.
The jackal bites you. The jackal closely misses you. x2
Your magical contamination has completely faded away.
You hit the jackal but do no damage.
The jackal is heavily wounded.
The jackal bites you. The jackal closely misses you.
The jackal bites you but does no damage.
The jackal misses you.
The jackal bites you but does no damage.
The jackal bites you.
* * * LOW HITPOINT WARNING * * *
You completely miss the jackal.
The jackal is heavily wounded.
The jackal completely misses you. The jackal barely misses you.
The jackal bites you.
* * * LOW HITPOINT WARNING * * *
There is a large open door here.
The jackal attacks as it pursues you!
The jackal bites you but does no damage.
The jackal bites you but does no damage.
The jackal closely misses you. The jackal attacks as it pursues you!
The jackal bites you.
* * * LOW HITPOINT WARNING * * *
The jackal closely misses you. The jackal bites you.
* * * LOW HITPOINT WARNING * * *
The jackal attacks as it pursues you! The jackal closely misses you.
The jackal bites you but does no damage.
There is a large open door here.
The jackal attacks as it pursues you!
The jackal bites you but does no damage.
There is a staircase leading out of the dungeon here.
The jackal bites you.
* * * LOW HITPOINT WARNING * * *
You have escaped!

#. #. ## #. ..
#.###.###.
#######......(..
#....###.##(##..
###.≈≈.###.# #
#.h.≈≈.'.'.#
#@h§§≈.'.'.#
###h≈§.#####
#§§..# ######


You could see 3 jackals.

Vanquished Creatures
  A jackal (D:1)
1 creature vanquished.

Vanquished Creatures (others)
  3 foxfires (D:1)
3 creatures vanquished.

Grand Total: 4 creatures vanquished

Notes
Turn   | Place    | Note
-------+----------+-------------------------------------------
     0 | D:1      | DApurpleWHUMPUS the Ogre Fire Elementalist began the quest
                  | for the Orb.
     0 | D:1      | Reached XP level 1. HP: 16/16 MP: 3/3
    49 | D:$      | Got out of the dungeon alive.

Illustrated notes

Levels and vault maps discovered:
D:1:      lightli_arrival_lavapool, layout_loops_ring,
          shapermc_ecumenical_altar_mp_vishouse, chequers_mini_garden

Action                     || total
---------------------------++-------
  Melee: Unarmed           ||     9
   Cast: Foxfire           ||     3
 Armour: Robe              ||    29
  Dodge: Dodged            ||    24

Table legend: (Time is in decaauts)
 A = Elapsed time spent in this place.
 B = Non-inter-level travel time spent in this place.
 C = Inter-level travel time spent in this place.
 D = Time resting spent in this place.
 E = Time spent auto-exploring this place.
 F = Levels seen in this place.
 G = Mean time per level.
                   A        B        C        D        E       F      G
               +--------+--------+--------+--------+--------+-----+--------+
         Total |     49 |     49 |      0 |      0 |     15 |   1 |   49.0 |
       Dungeon |     49 |     49 |      0 |      0 |     15 |   1 |   49.0 |
               +--------+--------+--------+--------+--------+-----+--------+

Top non-repeatable levels by time:
     D:1: 49 daAuts
